 Dungeon Crawl Stone Soup version bcrawl-1.19-7-g22fd707d3b (webtiles) character file.

Game seed: 6142183100226174805

152 Mrkan the Ruffian (level 5, -3/52 HPs)
             Began as a Troll Hunter on Nov 16, 2019.
             Was an Initiate of Elyvilon.
             Slain by an orc warrior
             ... wielding a +0 dire flail
              (9 damage)
             ... on level 3 of the Dungeon.
             The game lasted 00:03:08 (2030 turns).

Mrkan the Ruffian (Troll Hunter)                    Turns: 2030, Time: 00:03:08

Health: -3/52      AC:  6    Str: 20    XL:     5   Next: 11%
Magic:  4/4        EV: 10    Int:  9    God:    Elyvilon [......]
Gold:   77         SH:  0    Dex: 10    Spells: 4/4 levels left

rFire    . . .     SeeInvis .     - Unarmed
rCold    . . .     Gourm    +   (no shield)
rNeg     . . .     Faith    .   (armour unavailable)
rPois    .         Spirit   .   (helmet restricted)
rElec    .         Reflect  .   (no cloak)
rCorr    .         Harm     .   (gloves unavailable)
MR       .....                  (boots unavailable)
Stlth    +.........             (no amulet)
HPRegen  0.57/turn              (no ring)
MPRegen  0.09/turn              (no ring)

@: no status effects
A: large, almost no armour, unfitting armour, claws 3, fast metabolism 3,
gourmand, regeneration 1, AC +6
a: Renounce Religion


You were on level 3 of the Dungeon.
You worshipped Elyvilon.
Elyvilon was noncommittal.
You were completely stuffed.

You visited 1 branch of the dungeon, and saw 3 of its levels.

You collected 77 gold pieces.

Inventory:

Missiles
 b - 120 large rocks (quivered)
 c - 2 throwing nets {!f}
Jewellery
 e - an uncursed amulet of rage {unknown}
Scrolls
 g - 2 scrolls of magic mapping {unknown}
 i - 4 scrolls of identify {unknown}
 k - a scroll of fog {unknown}
 l - 3 scrolls of remove curse {unknown}
 p - a scroll of teleportation {unknown}
 q - a scroll of fear {unknown}
Potions
 a - 3 potions of lignification {unknown}
 f - a potion of brilliance {unknown}
 h - 2 potions of magic {unknown}
 j - 3 potions of flight {unknown}
 m - a potion of agility {unknown}
 n - a potion of might {unknown}
 r - a potion of heal wounds {unknown}
Comestibles
 d - 5 rations {!d}
 o - 7 chunks of flesh


   Skills:
 + Level 2.8 Fighting
 - Level 3.6 Throwing
 - Level 1.5 Dodging
 - Level 0.4 Stealth
 * Level 3.9 Unarmed Combat


You had 4 spell levels left.
You didn't know any spells.
Your spell library was empty.

Dungeon Overview and Level Annotations

Branches:
Dungeon (3/12)

Altars:
Elyvilon
Vehumet


Innate Abilities, Weirdness & Mutations

You cannot wear most types of armour.
Your thick skin is tough. (AC +6)
You are too large for most types of armour.
You have claws for hands.
Your metabolism is lightning-fast.
You like to eat raw meat.
Your natural rate of healing is unusually fast.


Message History

You closely miss the orc warrior.
The orc warrior is heavily wounded.
The orc barely misses you.
An orc wizard comes into view. It is wielding a +0 dagger.
You scratch the orc warrior.
The orc warrior is severely wounded.
The orc warrior closely misses you.
You scratch the orc warrior but do no damage.
Your claw misses the orc warrior.
The orc warrior is severely wounded.
The orc hits you but does no damage. The orc warrior misses you.
You barely miss the orc warrior.
The orc warrior is severely wounded.
The orc completely misses you.
The orc warrior hits you with a +0 dire flail.
* * * LOW HITPOINT WARNING * * *
You claw the orc warrior!
The orc warrior is almost dead.
The orc warrior hits you with a +0 dire flail!
You die...

#..... .......
..... .... ...
#.# ###.#
##.#######oo....
#......o@o{o.#
#..#######o.....
#..##### ###.#
#......#
#)####.# #.# #.#
#.# #.#


You could see an orc warrior, an orc wizard and 4 orcs.

Vanquished Creatures
  2 orc wizards (D:3)
  Jessica (D:2)
  An adder (D:3)
  2 oozes (D:1)
  A worm (D:2)
  2 dart slugs
  2 leopard geckos (D:1)
  2 orcs (D:3)
  4 bats
  6 goblins
  4 hobgoblins
  2 jackals (D:1)
  2 frilled lizards (D:2)
  8 kobolds
  3 rats (D:2)
42 creatures vanquished.

Notes
Turn   | Place    | Note
-------+----------+-------------------------------------------
     0 | D:1      | Mrkan the Troll Hunter began the quest for the Orb.
     0 | D:1      | Reached XP level 1. HP: 19/19 MP: 0/0
     9 | D:1      | Reached skill level 1 in Unarmed Combat
    72 | D:1      | Reached XP level 2. HP: 28/28 MP: 1/1
   533 | D:1      | Reached XP level 3. HP: 34/35 MP: 2/2
   879 | D:2      | Found a white marble altar of Elyvilon.
   891 | D:2      | Became a worshipper of Elyvilon the Healer
  1478 | D:2      | Found a radiant altar of Vehumet.
  1561 | D:2      | Noticed Jessica
  1600 | D:2      | Killed Jessica
  1600 | D:2      | Gained mutation: Your natural rate of healing is unusually
                  | fast. [Troll growth]
  1600 | D:2      | Reached XP level 4. HP: 44/44 MP: 3/3
  1666 | D:2      | Found a faded altar of an unknown god.
  1952 | D:3      | Reached XP level 5. HP: 43/52 MP: 4/4
  2012 | D:3      | Noticed an orc warrior
  2030 | D:3      | Slain by an orc warrior

Skill      XL: |  1  2  3 |
---------------+----------+-----
Unarmed Combat | 1 2 3 |  3.9
Fighting       | 2 |  2.8
Throwing       | |  3.6
Dodging        | |  1.5
Stealth        | |  0.4

Action                   |  1- 3 |  4- 6 || total
-------------------------+-------+-------++-------
Melee: Unarmed           |    91 |    53 ||   144
       Punch             |     1 |     1 ||     2
 Stab: Sleeping          |     1 |       ||     1
  Eat: Chunk             |    15 |     3 ||    18
Armor: Skin              |    30 |    34 ||    64
Dodge: Dodged            |    39 |    27 ||    66
